 Dungeon Crawl Stone Soup version 0.22.1-1-ga44c0e5 (webtiles) character file.

74 Velaskes the Skirmisher (level 4, 0/37 HPs)
             Began as a Demonspawn Chaos Knight on Oct 31, 2018.
             Succumbed to an adder's poison
             ... on level 2 of the Dungeon.
             The game lasted 00:05:36 (952 turns).

Velaskes the Skirmisher (Demonspawn Chaos Knight)    Turns: 952, Time: 00:05:36

Health: 0/37       AC:  5    Str: 14    XL:     4   Next: 9%
Magic:  4/4        EV: 11    Int: 13    God:    Xom [....*.]
Gold:   84         SH:  0    Dex: 12    Spells: 3/3 levels left

rFire    . . .     SeeInvis .   a - +0 falchion (chaos)
rCold    . . .     Gourm    .   (no shield)
rNeg     . . .     Faith    .   b - +2 leather armour
rPois    .         Spirit   .   (no helmet)
rElec    .         Reflect  .   (no cloak)
rCorr    .         Harm     .   (no gloves)
MR       .....                  (no boots)
Stlth    +.........             (no amulet)
HPRegen  0.12/turn              (no ring)
MPRegen  0.09/turn              (no ring)

@: lethally poisoned (0 -> -11)
A: demonic guardian 1, powered by pain 2
a: Renounce Religion


You were on level 2 of the Dungeon.
You worshipped Xom.
You were a beloved toy of Xom.
You were not hungry.

You visited 1 branch of the dungeon, and saw 2 of its levels.

You collected 84 gold pieces.

Inventory:

Hand Weapons
 a - a +0 falchion of chaos (weapon)
Armour
 b - a +2 leather armour (worn)
 d - a +0 ring mail
Scrolls
 f - 2 scrolls of magic mapping {unknown}
 g - a scroll of remove curse {unknown}
 k - 4 scrolls of identify {unknown}
 l - a scroll of immolation {unknown}
Potions
 e - a potion of agility {unknown}
 h - a potion of heal wounds {unknown}
 i - a potion of haste {unknown}
 j - a potion of invisibility {unknown}
Comestibles
 c - 3 rations


   Skills:
 + Level 3.6 Fighting
 + Level 3.6 Long Blades
 + Level 2.1 Armour
 + Level 1.2 Dodging
 + Level 0.6 Stealth


You had 3 spell levels left.
You didn't know any spells.
Your spell library was empty.

Dungeon Overview and Level Annotations

Branches:
Dungeon (2/15)

Altars:
Xom


Innate Abilities, Weirdness & Mutations

A weak demonic guardian rushes to your aid.
You sometimes gain power by taking damage.


Message History

* * * LOW HITPOINT WARNING * * *
You are more poisoned.
The adder poisons you!
You miss the adder.
The adder is severely wounded.
* * * LOW HITPOINT WARNING * * *
You feel sick. The adder bites you but does no damage.
You miss the adder.
The adder is severely wounded.
* * * LOW HITPOINT WARNING * * *
You feel sick. The adder bites you but does no damage.
The adder barely misses you.
You miss the adder.
The adder is severely wounded.
* * * LOW HITPOINT WARNING * * *
You feel sick. "Hum-dee-hum-dee-hum..."
The adder reforms as a club.
You die...
Xom roars with laughter!

####.###.#.# #.# # #.#
#.#.###.###.#
####.###.#.........#.
Z........##.....##....
####.....†...[..).....
## ########......#...
.# ########...#.#[#..#
.# ...........#.#.# .#
.#
.#########.#@#.#..#.#
.# #...†......# .#
###.#.#...... Z#
#.#..#..... .#
#.#.#.####. .# #.#.#.#
.# #.#.# # ## #.#.#
#.#..


There were no monsters in sight!

Vanquished Creatures
  2 adders (D:2)
  A gnoll (D:1)
  A worm (D:2)
  9 bats
  2 giant cockroaches
  4 goblins
  4 hobgoblins
  6 jackals (D:1)
  A frilled lizard (D:2)
  6 kobolds
  6 rats
42 creatures vanquished.

Notes
Turn   | Place    | Note
-------+----------+-------------------------------------------
     0 | D:1      | Velaskes the Demonspawn Chaos Knight began the quest for
                  | the Orb.
     0 | D:1      | Reached XP level 1. HP: 18/18 MP: 1/1
    21 | D:1      | Gained mutation: You sometimes gain a little power by
                  | taking damage. [demonic ancestry]
    21 | D:1      | Reached XP level 2. HP: 24/24 MP: 2/2
   259 | D:1      | XOM: cloud trail
   285 | D:1      | Gained mutation: You sometimes gain power by taking damage.
                  | [demonic ancestry]
   285 | D:1      | Reached XP level 3. HP: 29/29 MP: 3/3
   298 | D:1      | XOM: harmless Chrm miscast
   304 | D:1      | Reached skill level 1 in Dodging
   717 | D:2      | XOM: scenery: create altars
   947 | D:2      | Gained mutation: A weak demonic guardian rushes to your
                  | aid. [demonic ancestry]
   947 | D:2      | Reached XP level 4. HP: 10/37 MP: 4/4
   951 | D:2      | HP: 1/37 [poisoned by an adder]
   951 | D:2      | XOM: snakes to sticks
   952 | D:2      | Succumbed to an adder's poison

Skill      XL: |  1  2  3 |
---------------+----------+-----
Long Blades    | 3 |  3.6
Dodging        | 1 |  1.2
Armour         | 2 |  2.1
Fighting       | |  3.6
Stealth        | |  0.6

Action                   |  1- 3 |  4- 6 || total
-------------------------+-------+-------++-------
Melee: Falchion          |   112 |     4 ||   116
 Stab: Paralysed         |     3 |       ||     3
Armor: Leather armour    |    87 |     2 ||    89
Dodge: Dodged            |    94 |     1 ||    95
       Rpst.: Falchion   |    32 |       ||    32
